 Dungeon Crawl Stone Soup version 0.23-a0-49-gd9f7a49 (webtiles) character file.

71269 Mgcat the Severer (level 15, -6/141 (142) HPs)
             Began as a Naga Berserker on Aug 7, 2018.
             Was the Champion of Trog.
             Mangled by an orc warrior
             ... wielding a +0 glaive
              (8 damage)
             ... on level 2 of the Orcish Mines.
             The game lasted 00:49:32 (19424 turns).

Mgcat the Severer (Naga Berserker)                 Turns: 19424, Time: 00:49:32

HP:   -6/141 (142)  AC: 16    Str: 30    XL:     15   Next: 36%
MP:   0/15          EV:  9    Int:  9    God:    Trog [******]
Gold: 1167          SH: 29    Dex: 21    Spells: 14/14 levels left

rFire    . . .     SeeInvis +   d - +14 obsidian axe {chop, +Fly SInv *Curse} (curse)
rCold    . . .     Gourm    .   s - +11 large shield of the Albatross {-Tele *Contam Str+4 Dex+8}
rNeg     + . .     Faith    .   G - +4 chain mail
rPois    +         Spirit   +   H - +2 hat {MR+}
rElec    .         Reflect  .   g - +1 cloak
rCorr    .         Harm     .   (no gloves)
MR       ++++.     NoTele   +   (no barding)
Stlth    ..........             K - amulet of Cisatude {Spirit *Contam rN+ Int+2 Dex+2}
HPRegen  1.33/turn              A - ring of flight {+Fly, !d}
MPRegen  0.14/turn              I - +1 ring of protection

@: corroded, mesmerised, regenerating, very slow
A: large, see invisible, deformed body, poison resistance, slowness 2, slow
metabolism 1, spit poison 1, constrict 1, AC +5
a: Spit Poison, Berserk, Trog's Hand, Brothers in Arms, Renounce Religion, Evoke
Flight


You were on level 2 of the Orcish Mines.
You worshipped Trog.
Trog was exalted by your worship.
You were hungry.

You visited 3 branches of the dungeon, and saw 20 of its levels.
You also visited: Bailey and Ice Cave.

You collected 2138 gold pieces.
You spent 971 gold pieces at shops.

Inventory:

Hand Weapons
 d - the cursed +14 obsidian axe (weapon) {chop, +Fly SInv *Curse}
   (You bought it in a shop on level 9 of the Dungeon)

   It inflicts extra damage upon your enemies.
   It lets you see invisible.
   It lets you fly.
   It curses itself when equipped.
   It has a curse placed upon it.
 w - a +4 broad axe of freezing
   (Trog gifted it to you in a bailey)
Missiles
 b - a throwing net {=f, !d}
Armour
 g - a +1 cloak (worn)
   (You found it on level 2 of the Dungeon)
 s - the +11 large shield of the Albatross (worn) {-Tele *Contam Str+4 Dex+8}
   (You found it on level 4 of the Dungeon)

   It affects your strength (+4).
   It affects your dexterity (+8).
   It prevents most forms of teleportation.
   It causes magical contamination when unequipped.
 G - a +4 chain mail (worn)
   (You found it on level 1 of the Lair of Beasts)
 H - a +2 hat of magic resistance (worn)
   (You took it off Gastronok on level 1 of the Lair of Beasts)
Jewellery
 A - a ring of flight (left hand) {+Fly, !d}
   (You found it on level 8 of the Dungeon)
 I - a +1 ring of protection (right hand)
   (You found it on level 1 of the Lair of Beasts)
 K - the amulet of Cisatude (around neck) {Spirit *Contam rN+ Int+2 Dex+2}
   (You found it in an ice cave)

   [amulet of guardian spirit]

   It causes incoming damage to be split between your health and magic.
   It affects your intelligence (+2).
   It affects your dexterity (+2).
   It protects you from negative energy.
   It causes magical contamination when unequipped.
 M - an uncursed ring of ice {rC+, rF-}
   (You found it in an ice cave)
Wands
 y - a wand of digging (23)
   (You took it off a centaur on level 7 of the Dungeon)
 B - a wand of paralysis (21)
   (You took it off Maurice on level 10 of the Dungeon)
 C - a wand of polymorph (20)
   (You found it on level 10 of the Dungeon)
 J - a wand of flame (17)
   (You found it in an ice cave)
 N - a wand of iceblast (2)
   (You found it on level 5 of the Lair of Beasts)
Scrolls
 e - 6 scrolls of identify
 f - 8 scrolls of remove curse
 h - a scroll of immolation {!r}
 k - 2 scrolls of fear
 t - 7 scrolls of teleportation
 F - a scroll of acquirement
 L - a scroll of enchant weapon
Potions
 a - a potion of might
 i - 2 potions of haste
 j - 11 potions of curing
 l - 2 potions of flight
 n - a potion of invisibility
 o - 2 potions of magic {unknown}
 q - 3 potions of mutation {!q}
 r - 3 potions of ambrosia
 u - 6 potions of heal wounds
 x - 4 potions of cancellation
 z - 5 potions of agility
 E - 2 potions of lignification {!q}
Miscellaneous
 p - a lamp of fire
   (You found it on level 1 of the Lair of Beasts)
 v - a fan of gales
   (You found it on level 5 of the Lair of Beasts)
 D - a sack of spiders
Comestibles
 c - 36 rations
 m - 3 chunks of flesh {@w0}


   Skills:
 + Level 11.5 Fighting
 + Level 18.7 Axes
 + Level 7.1 Armour
 + Level 7.1 Dodging
 + Level 7.2 Shields


You had 14 spell levels left.
You didn't know any spells.
Your spell library was empty.

Dungeon Overview and Level Annotations

Branches:
Dungeon (12/15)            Temple (0/1) D:4            Lair (6/6) D:10
  Swamp (0/4) Lair:3       Spider (0/4) Lair:3        Slime (0/5) Lair:6
    Orc (2/2) D:9             Elf (0/3) Orc:2

Altars:
Gozag
Makhleb
Nemelex Xobeh
Trog
Uskayaw
Vehumet
The Shining One

Shops:
D:4 :   D:9 (   D:11 :![

Portals:
Trove: D:11 (give 16 potions of curing)

Annotations:
D:10 2 runed doors, biddum's ghost, journeyman GrEE
D:12 1 runed door
Lair:3 2 runed doors, Torious's ghost, journeyman TrMo


Innate Abilities, Weirdness & Mutations

You cannot wear boots.
Your serpentine skin is tough. (AC +5)
You have supernaturally acute eyesight. (SInv)
Armour fits poorly on your strangely shaped body.
Your system is resistant to poisons. (rPois)
You cover ground very slowly.
You have a slow metabolism.
You can spit poison.
You can use your snake-like lower body to constrict enemies.


Message History

You block the orc warrior's attack.
An orc warrior comes into view. It is wielding a hand axe.
The orc knight roars a battlecry!
The orcs go into a battle-frenzy!
The orc high priest mumbles some strange prayers to Beogh against you.
Beogh smites you!
The orc high priest calls upon Beogh to heal the orc knight.
The orc knight is healed somewhat.
The orc priest invokes the aid of Beogh against you.
Beogh smites you!
An orc warrior comes into view. It is wielding a short sword.
You are too injured to fight recklessly!
You are too injured to fight recklessly!
You are too injured to fight recklessly!
You are too injured to fight recklessly!
You are too injured to fight recklessly!
You are too injured to fight recklessly!
Your skin crawls.
You feel resistant to hostile enchantments.
You feel quite a bit more hungry.
You constrict the orc knight, but do no damage.
You block the orc knight's attack. The orc priest barely misses you.
You block the orc priest's attack.
An orc warrior comes into view. It is wielding a glaive.
An orc high priest comes into view. It is wielding a glaive.
The orc knight hits you with a great sword!
The orc high priest utters an invocation to Beogh.
You block the orc warrior's attack.
An orc warrior comes into view. It is wielding a war axe.
The orc high priest shouts!
You hit the orc knight but do no damage.
The orc knight is moderately wounded.
You barely miss the orc warrior. You slash the orc priest!
You kill the orc priest!
Trog accepts your kill.
You slash the orc knight!
Visions of slaying the orc warrior flood into your mind.
You constrict the orc knight. You block the orc knight's attack.
An orc warrior comes into view. It is wielding a long sword.
You block the orc priest's attack.
The orc warrior hits you with a halberd!!
You slice the orc knight!!
You kill the orc knight!
Trog accepts your kill.
Your shield and chain mail prevent you from hitting the rust devil.
You barely miss the orc knight. You closely miss the orc warrior.
You closely miss the chaos spawn.
An orc priest comes into view. It is wielding a hand axe.
You block the orc knight's attack. You block the orc warrior's attack.
The red devil hits you but does no damage.
You slice the orc high priest!! You grab the orc high priest.
The orc high priest is heavily wounded.
You slice the rust devil!! You completely miss the orc knight.
You hit the orc warrior but do no damage.
You hit the ice devil. You constrict the orc high priest.
You block the orc priest's attack. The rust devil hits you.
The rust devil corrodes you!
The orc high priest prays to Beogh.
You block the orc warrior's attack.
The orc high priest invokes the aid of Beogh against you.
Beogh smites you!
The orc priest invokes the aid of Beogh against you.
Beogh smites you!
The orc priest calls down the wrath of Beogh upon you.
Beogh smites you!
* * * LOW HITPOINT WARNING * * *
The orc knight hits you with a great sword.
* * * LOW HITPOINT WARNING * * *
An orc warrior comes into view. It is wielding a halberd.
You slice the orc high priest!!
You kill the orc high priest!
Trog accepts your kill.
The ice devil disappears in a puff of smoke!
The chaos spawn degenerates into a cloud of primal chaos!
The hellwing disappears in a puff of smoke!
You hit the orc warrior.
You hit the orc knight but do no damage.
You slash the rust devil!
You kill the rust devil!
The red devil disappears in a puff of smoke!
You block the orc warrior's attack. You block the orc priest's attack.
The orc warrior hits you with a halberd!
* * * LOW HITPOINT WARNING * * *
You hit the orc knight but do no damage.
You grab the orc knight.
The orc knight is lightly wounded.
You slash the orc warrior! You constrict the orc knight.
You block the orc warrior's attack.
An orc high priest comes into view. It is wielding a glaive.
You block the orc knight's attack.
The orc priest is engulfed in seething chaos.
The orc priest mumbles some strange prayers to Beogh against you.
Beogh smites you!
* * * LOW HITPOINT WARNING * * *
The orc warrior suddenly complains.
The orc priest mumbles some strange prayers to Beogh against you.
Beogh smites you!
* * * LOW HITPOINT WARNING * * *
The orc warrior hits you from afar with a glaive!
You die...

...#......# #...#
..........##.... oo.#...
#...#
..........##......oo.....
#...# .......##.#
...o#o.o#.... #...#
#.......### #..4.o.o....#
#...# ..........#
#..o#ooo#...# #...#
..........# #.o.oo3...#
#...# ..........#
#§§#oo.#..# #..##
.........## #§@o§...#
#...# ##......##
###.#.### #...# #....<###
#.....# #...# ......#
###.#.### #..## #.#...##
##.......## #.##
.###...## #..#...#..#
#..# ...#....##
##.........## #..##
.........# #...#...#...#
#...# #....##.##
##...........###..##


You could see an orc knight, an orc high priest, a rust devil, a ynoxinul, 11
orc warriors and 6 orc priests.

Vanquished Creatures
  Gastronok (Lair:1)
  A frost giant (IceCv)
  An orc warlord (Orc:2)
  A fire dragon (Lair:6)
  8 hydras
  A catoblepas (Lair:6)
  A death knight (D:11)
  4 two-headed ogres
  An ogre mage (Orc:2)
  3 death yaks (IceCv)
  3 orc high priests (Orc:2)
  A slime creature (D:11)
  Nergalle (Orc:1)
  An unseen horror (D:11)
  2 lindwurms (Lair:6)
  2 phantasmal warriors (D:11)
  5 orc knights
  3 manticores
  2 cyclopes (D:11)
  3 ugly things (D:11)
  Maurice (D:10)
  8 spiny frogs
  6 black mambas
  A gargoyle (D:11)
  3 molten gargoyles (Lair:6)
  A rime drake (IceCv)
  15 komodo dragons
  A kobold demonologist (D:12)
  A freezing wraith (D:11)
  20 polar bears
  4 trolls
  3 jumping spiders (Lair:3)
  Grinder (D:6)
  15 blink frogs
  8 hippogriffs
  5 redbacks
  3 wraiths
  A shadow (D:11)
  8 spriggans (Lair:2)
  2 wyverns
  23 yaks
  6 basilisks
  A steam dragon (Lair:6)
  2 hungry ghosts
  Menkaure (D:7)
  A warg (Orc:1)
  An acid dragon (D:11)
  6 water moccasins
  13 porcupines
  4 hell hounds (Lair:6)
  2 sky beasts (D:7)
  9 ogres
  5 black bears
  10 ice beasts
  2 phantoms
  25 orc warriors
  5 necrophages
  20 wolves
  5 centaurs
  5 crocodiles
  5 big kobolds
  18 bullfrogs
  A gnoll sergeant (D:9)
  8 scorpions
  2 water moccasin zombies
  3 electric eels
  3 howler monkeys
  5 lava snakes (Lair:6)
  8 crimson imps
  A bullfrog zombie (D:10)
  4 quasits
  14 orc priests
  11 jellies
  3 hounds
  11 orc wizards
  A centaur skeleton (D:6)
  5 iguanas
  9 worker ants
  A centaur simulacrum (D:11)
  2 hound zombies
  A hound skeleton (D:5)
  A howler monkey zombie (D:8)
  A worker ant zombie (D:9)
  20 gnolls
  A howler monkey skeleton (D:3)
  18 adders
  2 shadow imps
  7 oozes
  3 adder zombies
  An adder skeleton (D:6)
  5 worms
  A dart slug (D:4)
  5 leopard geckos
  69 orcs
  3 bats
  8 giant cockroaches
  8 goblins
  19 hobgoblins
  12 jackals
  5 quokkas
  2 ball pythons
  A frilled lizard (D:5)
  32 kobolds
  A leopard gecko skeleton (D:7)
  11 rats
  4 fungi
  3 plants (Lair:6)
657 creatures vanquished.

Vanquished Creatures (collateral kills)
  3 hydras
  A two-headed ogre (Orc:2)
  A torpor snail (Orc:2)
  A warg (Orc:2)
  5 orc warriors (Orc:2)
  An ogre (Orc:2)
  An orc priest (Orc:2)
  2 orc wizards (Orc:2)
  A gnoll (Bailey)
  11 orcs
  A goblin (Orc:1)
  A kobold (Bailey)
29 creatures vanquished.

Vanquished Creatures (others)
  5 wolves (IceCv)
  33 fungi
  4 plants
42 creatures vanquished.

Grand Total: 728 creatures vanquished

Notes
Turn   | Place    | Note
-------+----------+-------------------------------------------
     0 | D:1      | Mgcat the Naga Berserker began the quest for the Orb.
     0 | D:1      | Reached XP level 1. HP: 21/21 MP: 1/1
   219 | D:1      | Reached XP level 2. HP: 27/28 MP: 2/2
   230 | D:1      | HP: 7/28 [hobgoblin/club (6)]
   890 | D:2      | Reached XP level 3. HP: 27/34 MP: 3/3
  1443 | D:2      | Reached skill level 4 in Fighting
  1443 | D:2      | Reached skill level 4 in Axes
  1443 | D:2      | Reached XP level 4. HP: 31/44 MP: 4/4
  1608 | D:2      | Found a glowing golden altar of the Shining One.
  1875 | D:3      | Reached ** piety under Trog
  2325 | D:3      | Reached XP level 5. HP: 41/51 MP: 5/5
  2943 | D:4      | Reached skill level 5 in Fighting
  2943 | D:4      | Reached skill level 5 in Axes
  2943 | D:4      | Reached XP level 6. HP: 61/61 MP: 6/6
  2947 | D:4      | Reached *** piety under Trog
  2966 | D:4      | Got a steaming large shield
  2972 | D:4      | Identified the +11 large shield of the Albatross {-Tele *Contam Str+4 Dex+8} (You found it on level 4 of the Dungeon)
  2974 | D:4      | Found Odwah's Book Shoppe.
  2988 | D:4      | Got a smoking ring mail
  2999 | D:4      | Identified the +5 ring mail "Umagu" {MR- rCorr Str-5 Int+7} (You found it on level 4 of the Dungeon)
  3061 | D:4      | Found a staircase to the Ecumenical Temple.
  3080 | D:4      | Noticed a phantom
  3101 | D:4      | Killed a phantom
  3105 | D:4      | Reached skill level 6 in Axes
  3270 | D:5      | Entered Level 5 of the Dungeon
  3277 | D:5      | Received a gift from Trog
  3287 | D:5      | Reached XP level 7. HP: 57/67 MP: 7/7
  3346 | D:5      | Reached skill level 7 in Axes
  3418 | D:4      | Found a bloodstained altar of Trog.
  3502 | D:5      | Found a hide-covered altar of Uskayaw.
  3547 | D:5      | Found a radiant altar of Vehumet.
  3987 | D:6      | Reached skill level 8 in Axes
  3998 | D:6      | Reached XP level 8. HP: 73/73 MP: 8/8
  4181 | D:6      | Reached skill level 9 in Axes
  4240 | D:6      | Noticed Grinder
  4255 | D:6      | Killed Grinder
  4590 | D:6      | Reached skill level 10 in Axes
  5143 | D:7      | Reached XP level 9. HP: 54/80 MP: 9/9
  5153 | D:7      | Reached **** piety under Trog
  5167 | D:7      | Reached skill level 11 in Axes
  5468 | D:7      | Noticed Menkaure
  5472 | D:7      | Killed Menkaure
  5597 | D:7      | Reached skill level 12 in Axes
  5827 | D:7      | Found a burning altar of Makhleb.
  6342 | D:8      | Reached skill level 13 in Axes
  6354 | D:8      | Reached XP level 10. HP: 87/87 MP: 10/10
  6869 | D:9      | Found a staircase to the Orcish Mines.
  6887 | D:9      | Found a sparkling altar of Nemelex Xobeh.
  7098 | D:9      | Reached skill level 14 in Axes
  7147 | D:9      | Reached skill level 2 in Armour
  7271 | D:9      | Found Jimoulox's Weapon Shoppe.
  7473 | D:9      | Found an opulent altar of Gozag.
  7594 | D:10     | Entered Level 10 of the Dungeon
  7685 | D:10     | Reached skill level 3 in Armour
  7742 | D:10     | Noticed Maurice
  7745 | D:10     | Paralysed by Maurice for 6 turns
  7754 | D:10     | Paralysed by Maurice for 4 turns
  7762 | D:10     | Killed Maurice
  7762 | D:10     | Reached skill level 4 in Armour
  8023 | D:10     | Reached skill level 5 in Armour
  8031 | D:10     | Found a staircase to the Lair.
  8035 | D:10     | Reached skill level 2 in Dodging
  8084 | D:10     | Found a large runed door.
  8084 | D:10     | Found a large runed door.
  8086 | D:10     | Noticed biddum's ghost (journeyman GrEE)
  8140 | D:10     | Reached skill level 3 in Dodging
  8194 | D:10     | Reached XP level 11. HP: 84/93 MP: 11/11
  8366 | D:11     | Noticed a cyclops
  8374 | D:11     | Killed a cyclops
  8374 | D:11     | Reached skill level 4 in Dodging
  8401 | D:11     | Noticed a two-headed ogre
  8409 | D:11     | Killed a two-headed ogre
  8409 | D:11     | Reached skill level 5 in Dodging
  8474 | D:11     | Noticed a red ugly thing
  8487 | D:11     | Killed a red ugly thing
  8487 | D:11     | Reached skill level 1 in Shields
  8532 | D:11     | Noticed an unseen horror
  8532 | D:11     | Noticed a brown ugly thing
  8542 | D:11     | Killed an unseen horror
  8542 | D:11     | Reached skill level 2 in Shields
  8548 | D:11     | Killed a brown ugly thing
  8548 | D:11     | Reached ***** piety under Trog
  8548 | D:11     | Reached skill level 3 in Shields
  8550 | D:11     | Found Sihuohats's Distillery.
  8690 | D:11     | Noticed a cyclops
  8704 | D:11     | Killed a cyclops
  8704 | D:11     | Reached skill level 4 in Shields
  8755 | D:11     | Noticed a manticore
  8770 | D:11     | Killed a manticore
  8859 | D:11     | Noticed a cyan ugly thing
  8878 | D:11     | Killed a cyan ugly thing
  8878 | D:11     | Reached skill level 5 in Shields
  9018 | D:11     | Found a portal to a secret trove of treasure.
  9191 | D:11     | Bought 2 potions of degeneration for 22 gold pieces
  9271 | D:11     | Noticed a death knight
  9272 | D:11     | Noticed a phantasmal warrior
  9276 | D:11     | Noticed a phantasmal warrior
  9286 | D:11     | Killed a phantasmal warrior
  9289 | D:11     | Killed a death knight
  9290 | D:11     | Found Ereebluo's Antique Armour Shop.
  9296 | D:11     | Killed a phantasmal warrior
  9296 | D:11     | Reached XP level 12. HP: 102/102 MP: 12/12
  9307 | D:11     | Reached skill level 15 in Axes
  9600 | D:11     | Found Suiriwu's Book Emporium.
 10010 | D:12     | Found a runed gate.
 10138 | Lair:1   | Entered Level 1 of the Lair of Beasts
 10211 | Lair:1   | Found a frozen archway.
 10250 | IceCv    | Entered an ice cave
 10611 | IceCv    | Reached skill level 16 in Axes
 10751 | IceCv    | Noticed a death yak
 10753 | IceCv    | Noticed a death yak
 10767 | IceCv    | Killed a death yak
 10771 | IceCv    | Killed a death yak
 11112 | IceCv    | Reached skill level 17 in Axes
 11168 | IceCv    | Noticed a frost giant
 11168 | IceCv    | Noticed a death yak
 11187 | IceCv    | Killed a death yak
 11197 | IceCv    | Killed a frost giant
 11197 | IceCv    | Gained mutation: You can use your snake-like lower body to constrict enemies. [Naga growth]
 11197 | IceCv    | Reached XP level 13. HP: 108/108 MP: 13/13
 11273 | IceCv    | Got a flickering iron amulet
 11283 | IceCv    | Identified the amulet of Cisatude {Spirit *Contam rN+ Int+2 Dex+2} (You found it in an ice cave)
 11293 | IceCv    | Identified a scroll of acquirement
 11512 | Lair:1   | Noticed Gastronok
 11536 | Lair:1   | Killed Gastronok
 11536 | Lair:1   | Reached skill level 18 in Axes
 11572 | Lair:1   | Reached skill level 6 in Fighting
 11759 | Lair:1   | Noticed Sonja
 11760 | Lair:1   | Noticed Sonja
 11760 | Lair:1   | Sonja changed into Sonja the spiny frog
 11767 | Lair:1   | Killed Sonja the spiny frog
 11953 | Lair:1   | Received a gift from Trog
 12326 | Lair:2   | Reached skill level 7 in Fighting
 12466 | Lair:2   | Reached skill level 8 in Fighting
 12602 | Lair:2   | Reached skill level 9 in Fighting
 13260 | Lair:3   | Found a large runed door.
 13261 | Lair:3   | Found a large runed door.
 13264 | Lair:3   | Noticed Torious's ghost (journeyman TrMo)
 13308 | Lair:3   | Reached skill level 10 in Fighting
 13321 | Lair:3   | Reached XP level 14. HP: 112/131 MP: 11/14
 13552 | Lair:3   | Found a hole to the Spider Nest.
 13632 | Lair:3   | Found a staircase to the Swamp.
 15360 | Lair:5   | Reached ****** piety under Trog
 16091 | Lair:6   | Entered Level 6 of the Lair of Beasts
 16176 | Lair:6   | Reached skill level 6 in Shields
 16233 | Lair:6   | Received a gift from Trog
 16275 | Lair:6   | Found a staircase to the Slime Pits.
 16341 | Lair:6   | Reached skill level 6 in Armour
 16341 | Lair:6   | Reached skill level 6 in Dodging
 16959 | Lair:6   | Reached skill level 11 in Fighting
 17160 | Lair:6   | Received a gift from Trog
 17181 | Lair:6   | HP: 32/134 [molten gargoyle/bolt of magma (17)]
 17182 | Lair:6   | HP: 11/134 [molten gargoyle/bolt of magma (22)]
 17463 | Lair:6   | Found a large runed door.
 17464 | Lair:6   | Found a large runed door.
 18104 | D:9      | Bought the cursed +14 obsidian axe {chop, +Fly SInv *Curse} for 949 gold pieces
 18104 | D:9      | Found the cursed +14 obsidian axe {chop, +Fly SInv *Curse}
 18136 | Orc:1    | Entered Level 1 of the Orcish Mines
 18213 | Orc:1    | Found a flagged portal.
 18224 | Bailey   | Entered a bailey
 18306 | Bailey   | Received a gift from Trog
 18358 | Bailey   | Reached XP level 15. HP: 141/141 MP: 15/15
 18625 | Orc:1    | Noticed Nergalle
 18632 | Orc:1    | Killed Nergalle
 18770 | Orc:2    | Entered Level 2 of the Orcish Mines
 18775 | Orc:2    | Noticed Nessos
 18782 | Orc:2    | Noticed Nessos
 18782 | Orc:2    | Nessos changed into Nessos the torpor snail
 18784 | Orc:2    | Found a staircase to the Elven Halls.
 18784 | Orc:2    | Killed Nessos the torpor snail
 18899 | Orc:2    | Reached skill level 7 in Shields
 18905 | Orc:2    | Noticed an orc warlord
 18913 | Orc:2    | Killed an orc warlord
 18916 | Orc:2    | Received a gift from Trog
 19001 | Orc:2    | Reached skill level 7 in Armour
 19008 | Orc:2    | Reached skill level 7 in Dodging
 19232 | Orc:2    | Received a gift from Trog
 19422 | Orc:2    | HP: 34/141 [orc priest/divine providence (14)]
 19424 | Orc:2    | HP: 11/141 [orc priest/divine providence (11)]
 19424 | Orc:2    | HP: 2/141 [orc priest/divine providence (9)]
 19424 | Orc:2    | Mangled by an orc warrior

Vault maps used:
D:1:      tarquinn_simple_flora_water_a
D:2:      nicolae_tso_carved_into_rock
D:3:      first_ration
D:4:      nicolae_overflow_hidden_temple, temple_green, serial_shops, shop
D:5:      old_standard_altar, basic_altar
D:6:      uniq_grinder
D:7:      overflow_temple_1_default, uniq_menkaure
D:9:      nemelex_altar_shiori, lemuel_coloured_pillars_altar, orc_0_dummy,
          serial_shops, nicolae_shop_waterfront
D:10:     wad_pebble_path, due_lair_maze_entry_diamond,
          ebering_ghost_disaster_area, hangedman_little_slice_of_home,
          uniq_maurice
D:11:     cheibrodos_barr_body, serial_shops, shop, shop, shop, enter_trove_3
D:12:     maelrawn_ghost_labyrinth_escape, uniq_snorg
Lair:1:   portal_ice_cave_entry_ice_beasts, small_statue_intersection,
          uniq_gastronok, uniq_sonja
Lair:2:   kb_forest_paths, st_stairs_12, gammafunk_lair_bear_cave,
          infiniplex_staircase_pool_2
Lair:3:   swamp_mist_pool, nicolae_spider_entry_tight_spaces,
          ebering_ghost_disaster_area
Lair:4:   cheibrodos_lair_lostbears
Lair:5:   roderic_carrion_pond, grunt_megastairs_3
Lair:6:   cheibrodos_lair_end_hotspot, minmay_slime_entry_pillars
Orc:1:    enter_bailey_3, uniq_nergalle
Orc:2:    st_orc_pillars, uniq_nessos
Bailey:   bailey_axe_2, bailey
IceCv:    ice_cave_caverns_03

Skill      XL: |  1  2  3  4  5  6  7  8  9 10 11 12 13 14 15 |
---------------+----------------------------------------------+-----
Fighting       | 4 5 10 11 | 11.5
Axes           | 4 5 6 8 10 13 14 17 18 | 18.7
Armour         | 5 6 7 |  7.1
Dodging        | 3 5 6 7 |  7.1
Shields        | 5 6 7 |  7.2

Action                   |  1- 3 |  4- 6 |  7- 9 | 10-12 | 13-15 || total
-------------------------+-------+-------+-------+-------+-------++-------
Melee: Hand axe          |    90 |   156 |   328 |   667 |   567 ||  1808
       Constrict         |       |       |       |       |   151 ||   151
       Broad axe         |       |       |       |       |   156 ||   156
Invok: Berserk           |     1 |       |     1 |    11 |     3 ||    16
       Trog's Hand       |       |       |     1 |     1 |     6 ||     8
       Brothers in Arms  |       |       |       |       |     3 ||     3
 Abil: Spit Poison       |     7 |    28 |     7 |     1 |     2 ||    45
Evoke: Wand              |       |       |       |       |    34 ||    34
       Lamp of fire      |       |       |       |       |     1 ||     1
  Use: Scroll            |       |       |       |    22 |     8 ||    30
 Stab: Paralysed         |       |       |       |       |    31 ||    31
       Distracted        |       |       |       |       |     6 ||     6
  Eat: Chunk             |     2 |     7 |    12 |    19 |    26 ||    66
       Ration            |       |       |       |     1 |     1 ||     2
Armor: Animal skin       |     6 |       |       |       |       ||     6
       Ring mail         |    12 |    28 |       |       |       ||    40
       Scale mail        |       |    19 |    34 |       |       ||    53
       Plate armour      |       |       |       |    96 |    19 ||   115
       Chain mail        |       |       |       |    14 |   140 ||   154
Dodge: Dodged            |    46 |    53 |     7 |    28 |    91 ||   225
Block: Large shield      |       |    47 |   298 |   582 |   772 ||  1699

Table legend:
 A = Spawn XP
 B = Non-spawn XP
 C = Spawn XP percentage of total XP
 D = Spawn monster count
 E = Non-spawn monster count
 F = Spawn count percentage of total count
 G = Total turns spent on level
                    A         B        C        D         E        F      G
               +---------+---------+-------+---------+---------+-------+---------
         Total |       0 |  101813 |   0.0 |       0 |     679 |   0.0 | 19424
               +---------+---------+-------+---------+---------+-------+---------
           D:1 |       0 |      29 |   0.0 |       0 |      15 |   0.0 |   849
           D:2 |       0 |      63 |   0.0 |       0 |      20 |   0.0 |   992
           D:3 |       0 |     189 |   0.0 |       0 |      34 |   0.0 |  1011
           D:4 |       0 |     246 |   0.0 |       0 |       9 |   0.0 |   467
           D:5 |       0 |     551 |   0.0 |       0 |      24 |   0.0 |   743
           D:6 |       0 |    1055 |   0.0 |       0 |      23 |   0.0 |  1259
           D:7 |       0 |    1605 |   0.0 |       0 |      33 |   0.0 |   799
           D:8 |       0 |    1176 |   0.0 |       0 |      21 |   0.0 |   734
           D:9 |       0 |    2000 |   0.0 |       0 |      26 |   0.0 |   789
          D:10 |       0 |    2390 |   0.0 |       0 |      33 |   0.0 |   818
          D:11 |       0 |   11977 |   0.0 |       0 |      63 |   0.0 |  1632
          D:12 |       0 |    1098 |   0.0 |       0 |       7 |   0.0 |   108
        Lair:1 |       0 |    7669 |   0.0 |       0 |      26 |   0.0 |   952
        Lair:2 |       0 |   10454 |   0.0 |       0 |      42 |   0.0 |   964
        Lair:3 |       0 |    4888 |   0.0 |       0 |      15 |   0.0 |  1418
        Lair:4 |       0 |    5819 |   0.0 |       0 |      23 |   0.0 |   823
        Lair:5 |       0 |    4331 |   0.0 |       0 |      17 |   0.0 |   757
        Lair:6 |       0 |   16249 |   0.0 |       0 |      52 |   0.0 |  1885
         Orc:1 |       0 |    3426 |   0.0 |       0 |      35 |   0.0 |   385
         Orc:2 |       0 |   13599 |   0.0 |       0 |      87 |   0.0 |   654
        Bailey |       0 |     827 |   0.0 |       0 |      34 |   0.0 |   249
         IceCv |       0 |   12172 |   0.0 |       0 |      40 |   0.0 |  1136
               +---------+---------+-------+---------+---------+-------+---------

Vault maps used:
D:1:      tarquinn_simple_flora_water_a
D:2:      nicolae_tso_carved_into_rock
D:3:      first_ration
D:4:      nicolae_overflow_hidden_temple, temple_green, serial_shops, shop
D:5:      old_standard_altar, basic_altar
D:6:      uniq_grinder
D:7:      overflow_temple_1_default, uniq_menkaure
D:9:      nemelex_altar_shiori, lemuel_coloured_pillars_altar, orc_0_dummy,
          serial_shops, nicolae_shop_waterfront
D:10:     wad_pebble_path, due_lair_maze_entry_diamond,
          ebering_ghost_disaster_area, hangedman_little_slice_of_home,
          uniq_maurice
D:11:     cheibrodos_barr_body, serial_shops, shop, shop, shop, enter_trove_3
D:12:     maelrawn_ghost_labyrinth_escape, uniq_snorg
Lair:1:   portal_ice_cave_entry_ice_beasts, small_statue_intersection,
          uniq_gastronok, uniq_sonja
Lair:2:   kb_forest_paths, st_stairs_12, gammafunk_lair_bear_cave,
          infiniplex_staircase_pool_2
Lair:3:   swamp_mist_pool, nicolae_spider_entry_tight_spaces,
          ebering_ghost_disaster_area
Lair:4:   cheibrodos_lair_lostbears
Lair:5:   roderic_carrion_pond, grunt_megastairs_3
Lair:6:   cheibrodos_lair_end_hotspot, minmay_slime_entry_pillars
Orc:1:    enter_bailey_3, uniq_nergalle
Orc:2:    st_orc_pillars, uniq_nessos
Bailey:   bailey_axe_2, bailey
IceCv:    ice_cave_caverns_03

Table legend:
 A = Turns spent in this place as a percentage of turns spent in the entire game.
 B = Non-inter-level travel turns spent in this place as a percentage of non-inter-level travel turns spent in the entire game.
 C = Inter-level travel turns spent in this place as a percentage of turns spent in this place.
 D = Turns resting spent in this place as a percentage of non-inter-level travel turns spent in this place.
 E = Turns spent auto-exploring this place as a percentage of non-inter-level travel turns spent in this place.
 F = Non-inter-level travel turns spent in this place divided by the number of levels of this place that you've seen.
                   A       B       C       D       E      F
               +-------+-------+-------+-------+-------+----------------------
         Total | 100.0 | 100.0 |   6.5 |   6.6 |  72.0 | 825.8
       Dungeon |  52.5 |  51.8 |   7.8 |   3.0 |  75.2 | 784.2
          Lair |  35.0 |  35.0 |   6.4 |   7.5 |  74.1 | 1061.0
  Orcish Mines |   5.3 |   5.5 |   3.1 |   0.0 |  74.2 | 503.5
        Bailey |   1.3 |   1.4 |   0.0 |   0.0 |  56.2 | 249.0
      Ice Cave |   5.8 |   6.3 |   0.0 |  38.2 |  34.4 | 1136.0
               +-------+-------+-------+-------+-------+----------------------

Table legend:
 A = Kills in this place as a percentage of kills in entire the game.
 B = Kills by you in this place as a percentage of kills by you in the entire game.
 C = Kills by friends in this place as a percentage of kills by friends in the entire game.
 D = Other kills in this place as a percentage of other kills in the entire game.
 E = Experience gained in this place as a percentage of experience gained in the entire game.
 F = Experience gained in this place divided by the number of levels of this place that you have seen.
                   A       B       C       D       E      F
               +-------+-------+-------+-------+-------+----------------------
         Total | 100.0 | 100.0 | 100.0 |   N/A | 100.0 | 4627.9
       Dungeon |  45.4 |  47.4 |   0.0 |   N/A |  22.0 | 1864.9
          Lair |  25.8 |  26.5 |  10.3 |   N/A |  48.5 | 8235.0
  Orcish Mines |  18.0 |  15.1 |  82.8 |   N/A |  16.7 | 8512.5
        Bailey |   5.0 |   4.9 |   6.9 |   N/A |   0.8 | 827.0
      Ice Cave |   5.9 |   6.2 |   0.0 |   N/A |  12.0 | 12172.0
               +-------+-------+-------+-------+-------+----------------------
